 Dungeon Crawl Stone Soup version 0.31-a0-152-g6aa68a64a1 (webtiles) character file.

Game seed: 3715119093188031930

180 qw the Shooter (level 5, -7/46 HPs)
             Began as a Minotaur Hunter on June 9, 2023.
             Mangled by Edmund
             ... wielding a +4 dire flail of protection
              (12 damage)
             ... on level 4 of the Dungeon.
             The game lasted 00:01:08 (3261 turns).

qw the Shooter (Minotaur Hunter)                    Turns: 3261, Time: 00:01:08

Health: -7/46      AC:  5    Str: 15    XL:     5   Next: 33%
Magic:  4/4        EV: 11    Int:  6    God:
Gold:   221        SH:  0    Dex: 16    Spells: 4/4 levels left

rFire   . . .        Y - +0 shortbow
rCold   . . .        (shield currently unavailable)
rNeg    . . .        g - +0 ring mail
rPois   .            (helmet restricted)
rElec   .            (no cloak)
rCorr   .            (no gloves)
SInv    .            (no boots)
Will    .....        (no amulet)
Stlth   +            (no ring)
HPRegen 0.27/turn    (no ring)
MPRegen 0.09/turn

%: no passive effects
@: no status effects
A: horns 2, retaliatory headbutt
a: no special abilities


You were on level 4 of the Dungeon.
You visited 1 branch of the dungeon, and saw 4 of its levels.

You collected 253 gold pieces.
You spent 32 gold pieces at shops.


Innate Abilities, Weirdness & Mutations

You have a pair of horns on your head.
You reflexively headbutt those who attack you in melee.


   Skills:
 - Level 4.1 Fighting
 + Level 6.4 Ranged Weapons
 - Level 1.4 Armour
 - Level 2.1 Dodging
 - Level 0.7 Stealth


You had 4 spell levels left.
You didn't know any spells.
Your spell library was empty.

Inventory:

Hand Weapons
 Y - a +0 shortbow (weapon)
Armour
 g - a +0 ring mail (worn)
Jewellery
 a - a ring of fire
Scrolls
 b - a scroll of teleportation
 c - a scroll of enchant weapon {unknown}
 e - a scroll of identify
Potions
 d - a potion of mutation {unknown}
 f - a potion of curing
 j - 2 potions of haste
 l - a potion of cancellation {unknown}
 n - a potion of invisibility {unknown}

Dungeon Overview and Level Annotations

Branches:
Dungeon (4/15)
 Temple: D:4-7

Altars:

Shops:
D:1 (!:*   D:4 :

Annotations:
D:4 Edmund


Message History

Enter note:
Enter note:
Enter note:
Enter note:
Enter note:
Enter note:
Enter note:
Enter note:
Enter note: You shoot an arrow.
The arrow barely misses Edmund.
Edmund shouts!
You shoot an arrow. The arrow hits Edmund.
Edmund is lightly wounded.
You shoot an arrow. The arrow hits Edmund.
Edmund is moderately wounded.
Edmund says, "A flail is better than a scythe, any day of the week!"
You shoot an arrow. The arrow hits Edmund.
Edmund is moderately wounded.
You shoot an arrow. The arrow barely misses Edmund.
You shoot an arrow. The arrow closely misses Edmund.
Edmund hits you with a +4 dire flail of protection.
Edmund barely misses you.
You shoot an arrow.
The arrow hits Edmund but does no damage.
Edmund is moderately wounded.
Edmund hits you with a +4 dire flail of protection!
You shoot an arrow. The arrow closely misses Edmund.
Edmund barely misses you.
You shoot an arrow. The arrow hits Edmund.
Edmund is moderately wounded.
Edmund hits you with a +4 dire flail of protection!
You shoot an arrow.
The arrow hits Edmund but does no damage.
Edmund is moderately wounded.
Edmund barely misses you. You furiously retaliate!
You headbutt Edmund. You shoot an arrow. The arrow closely misses Edmund.
Edmund hits you with a +4 dire flail of protection!
You shoot an arrow. The arrow barely misses Edmund.
Edmund hits you with a +4 dire flail of protection! x2
You die...

........# #...>.....#
#........ #########
##.#.####.# #.#######
#.#.# #.# #.#.#
#.#####.# #######.#.#
#.......# .....<..#.#
#.#####.#
#######.#.###.#.####.#
#######......# #.....#
#.........@@## ##.####
#.#####.####.###.##
##..##.#####.# ##.#.##
..........##.# ##.##
%.....# #.##.# ###
######## ......#
#.##.# #.......
......# #.[..#
#.###### %.....#
#.##.# #.# #
......###[##.# #.# #


You could see Edmund.

Vanquished Creatures
  An iguana (D:4)
  8 adders
  A dart slug (D:3)
  9 orcs (D:3)
  6 ball pythons
  3 endoplasms
  A giant cockroach (D:2)
  5 goblins
  8 hobgoblins
  7 jackals (D:4)
  9 kobolds
  A quokka (D:4)
  4 bats
  2 frilled lizards
  5 rats
70 creatures vanquished.

Notes
Turn   | Place    | Note
-------+----------+-------------------------------------------
     0 | D:1      | qw the Minotaur Hunter began the quest for the Orb.
     0 | D:1      | Reached XP level 1. HP: 18/18 MP: 0/0
     0 | D:1      | 0 ||| qw: Version: 0.2-a-122-gbc61b45
     0 | D:1      | 0 ||| qw: Game counter: 3409
     0 | D:1      | 0 ||| qw: Always use a shield: true
     0 | D:1      | 0 ||| qw: God list: Okawaru
     0 | D:1      | 0 ||| qw: Allow faded altars: false
     0 | D:1      | 0 ||| qw: Do Orc after D:15 true
     0 | D:1      | 0 ||| qw: Do second Lair branch before Depths: true
     0 | D:1      | 0 ||| qw: Lair rune preference: random
     0 | D:1      | 0 ||| qw: Plans: Normal
     0 | D:1      | 0 ||| PLANNING D:1-11
   136 | D:1      | Found Akin's Antique Weapon Boutique.
   139 | D:1      | 139 ||| SHOPLISTING orcbow (112 gold, have 15).
   262 | D:1      | Reached XP level 2. HP: 25/25 MP: 1/1
   291 | D:1      | Found Ysasan's Assorted Antiques.
   300 | D:1      | 300 ||| BUYING fuming blue potion (16 gold).
   300 | D:1      | Bought a fuming blue potion for 16 gold pieces
   300 | D:1      | 300 ||| SHOPLISTING gilded ring (90 gold, have 21).
   300 | D:1      | 300 ||| BUYING murky brown potion (16 gold).
   300 | D:1      | Bought a murky brown potion for 16 gold pieces
   300 | D:1      | 300 ||| SHOPLISTING orange potion (16 gold, have 5).
   304 | D:1      | Found Mesyanin's Book Emporium.
   381 | D:1      | Reached skill level 5 in Ranged Weapons
   448 | D:1      | Found Cicw's Distillery.
   456 | D:1      | 456 ||| SHOPLISTING potion of cancellation (112 gold, have
                  | 5).
   456 | D:1      | 456 ||| SHOPLISTING potion of curing (42 gold, have 5).
   456 | D:1      | 456 ||| SHOPLISTING potion of haste (140 gold, have 5).
   514 | D:1      | 514 ||| READING scroll labelled WUWKUA LELOJ.
   515 | D:1      | 515 ||| READING scroll labelled TOXITO UCWY.
   516 | D:1      | 516 ||| READING scroll labelled JIRGHI LELL.
   517 | D:1      | 517 ||| DRINKING 3 fuming blue potions.
   518 | D:1      | 518 ||| DROPPING scroll of butterflies.
   519 | D:1      | 519 ||| DROPPING 2 potions of enlightenment.
   812 | D:2      | Reached skill level 3 in Fighting
   954 | D:2      | Reached XP level 3. HP: 31/31 MP: 2/2
  1077 | D:2      | 1077 ||| FLEEEEING.
  1535 | D:2      | 1535 ||| DRINKING 2 fuming coppery potions.
  1559 | D:2      | 1559 ||| DROPPING potion of lignification.
  1690 | D:3      | 1690 ||| FLEEEEING.
  1898 | D:3      | Reached XP level 4. HP: 38/38 MP: 3/3
  1992 | D:3      | Reached skill level 6 in Ranged Weapons
  2491 | D:3      | 2491 ||| UPGRADING to +0 ring mail.
  2501 | D:3      | 2501 ||| DROPPING +0 leather armour.
  2502 | D:3      | 2502 ||| READING scroll labelled YSTRIR NUTEOCRIQ.
  2507 | D:3      | 2507 ||| READING scroll labelled YNOBRO FEISI.
  2508 | D:3      | 2508 ||| READING scroll labelled XALOET IXEIN.
  2509 | D:3      | 2509 ||| READING scroll labelled WEDUNO FURUGOM.
  2510 | D:3      | 2510 ||| READING 5 scrolls of identify.
  2510 | D:3      | 2510 ||| IDENTIFYING brown potion
  2511 | D:3      | 2511 ||| READING 4 scrolls of identify.
  2511 | D:3      | 2511 ||| IDENTIFYING blue potion
  2512 | D:3      | 2512 ||| READING 3 scrolls of identify.
  2512 | D:3      | 2512 ||| IDENTIFYING sedimented brown potion
  2513 | D:3      | 2513 ||| READING 2 scrolls of identify.
  2513 | D:3      | 2513 ||| IDENTIFYING smoky clear potion
  2514 | D:3      | 2514 ||| DROPPING potion of attraction.
  2515 | D:3      | 2515 ||| DROPPING potion of degeneration.
  2516 | D:3      | 2516 ||| DROPPING potion of magic.
  2576 | D:4      | Reached skill level 1 in Armour
  2590 | D:4      | Found Cianevvo's Self-Improvement Boutique.
  2604 | D:4      | Reached XP level 5. HP: 46/46 MP: 4/4
  3027 | D:4      | Noticed Edmund
  3036 | D:4      | HP: 10/46 [Edmund/+4 dire flail of protection (8)]
  3037 | D:4      | 3037 ||| READING scroll of teleportation.
  3261 | D:4      | HP: 5/46 [Edmund/+4 dire flail of protection (13)]
  3261 | D:4      | Mangled by Edmund

Levels and vault maps discovered:
D:1:      dpeg_arrival_three_bigger_balls, layout_rooms, serial_shops,
          nicolae_shop_trees, nicolae_shop_real_fake_doors, shop, shop
D:2:      layout_basic, chequers_arboretum
D:3:      kb_forest_paths, layout_basic, st_stairs_3
D:4:      layout_loops_ring, nicolae_shop_self_help, uniq_edmund

Skill      XL: |  1  2  3  4 |
---------------+-------------+-----
Ranged Weapons | 5 6 |  6.4
Fighting       | 3 4 |  4.1
Armour         | 1 |  1.4
Dodging        | |  2.1
Stealth        | |  0.7

Action                     |  1- 3 |  4- 6 || total
---------------------------+-------+-------++-------
   Fire: Shortbow          |   127 |   109 ||   236
    Use: Scroll            |     3 |     9 ||    12
         Potion            |     2 |       ||     2
 Armour: Leather armour    |     9 |       ||     9
         Ring mail         |       |     6 ||     6
  Dodge: Dodged            |    42 |    23 ||    65

Table legend:
 A = Non-vault XP
 B = Vault XP
 C = Vault XP percentage of total XP
 D = Non-vault monster count
 E = Vault monster count
 F = Vault count percentage of total count
                 A         B        C        D         E       F
            +---------+---------+-------+---------+---------+-------
      Total |     210 |      48 |  18.6 |      62 |       8 |  11.4
            +---------+---------+-------+---------+---------+-------
        D:1 |      15 |       0 |   0.0 |      10 |       0 |   0.0
        D:2 |      48 |       0 |   0.0 |      16 |       0 |   0.0
        D:3 |      46 |      48 |  51.1 |      13 |       8 |  38.1
        D:4 |     101 |       0 |   0.0 |      23 |       0 |   0.0
            +---------+---------+-------+---------+---------+-------
